 Dungeon Sprint DCSS version 0.21.1-1-g345015f (webtiles) character file.

3359 sexinstructor the Warrior (level 9, 0/162 HPs)
             Began as a Minotaur Berserker on Mar 24, 2018.
             Was the Champion of Trog.
             Impaled on a porcupine's spines (8 damage)
             ... in the Dungeon (Sprint IX: "|||||||||||||||||||||||||||||").
             The game lasted 00:05:05 (782 turns).

sexinstructor the Warrior (Minotaur Berserker)       Turns: 782, Time: 00:05:06

Health: 0/162      AC: 17    Str: 31    XL:     9   Next: 73%
Magic:  8/8        EV: 10    Int:  4    God:    Trog [******]
Gold:   0          SH:  0    Dex:  9    Spells: 8/8 levels left

rFire    . . .     SeeInvis .   n - +2 morningstar (crush)
rCold    . . .     Gourm    .   (no shield)
rNeg     . . .     Faith    .   q - +0 plate armour
rPois    .         Spirit   .   (helmet restricted)
rElec    .         Reflect  .   p - +0 cloak
rCorr    .         Harm     .   o - +0 pair of gloves
MR       .....     NoTele   +   w - +1 pair of boots
Stlth    ..........             (no amulet)
HPRegen  0.37/turn              r - +2 ring of protection
MPRegen  0.11/turn              s - +2 ring of evasion

@: berserking (expiring), lethally poisoned (0 -> -3), very quick
A: retaliatory headbutt, horns 2
a: Berserk, Trog's Hand, Brothers in Arms, Burn Spellbooks, Renounce Religion


You were in the Dungeon.
You worshipped Trog.
Trog was exalted by your worship.
You were hungry.

You visited 1 branch

Inventory:

Hand Weapons
 a - a +0 mace
 m - a +1 broad axe of freezing
 n - a +2 morningstar of crushing (weapon)
Armour
 b - a +0 animal skin
 o - a +0 pair of gloves (worn)
 p - a +0 cloak (worn)
 q - a +0 plate armour (worn)
 w - a +1 pair of boots (worn)
Jewellery
 r - a +2 ring of protection (left hand)
 s - a +2 ring of evasion (right hand)
Wands
 l - a wand of acid (10)
Scrolls
 i - 2 scrolls of blinking
 k - 3 scrolls of remove curse
 x - a scroll of immolation
 y - 2 scrolls of enchant armour
 z - a scroll of fear
 A - 4 scrolls of enchant weapon
 B - a scroll of fog
Potions
 d - 5 potions of curing
 e - 3 potions of heal wounds
 f - a potion of haste
 g - 4 potions of magic
 h - 2 potions of berserk rage
 j - a potion of invisibility
 t - a potion of mutation
 u - a potion of might
 v - a potion of agility
Comestibles
 c - a ration


   Skills:
 + Level 19.7 Fighting
 + Level 15.6(15.7) Axes
 - Level 3.6(11.1) Maces & Flails
 - Level 2.4 Armour
 - Level 2.1 Dodging
 + Level 0.5 Stealth


You had 8 spell levels left.
You didn't know any spells.

Dungeon Overview and Level Annotations

Branches:
Dungeon (1/1)

Altars:
Cheibriados
Dithmenos
Elyvilon
Fedhas
Gozag
Hepliaklqana
Kikubaaqudgha
Makhleb
Nemelex Xobeh
Okawaru
Qazlal
Ru
Sif Muna
Trog
Uskayaw
Vehumet
Wu Jian
Xom
Yredelemnul
Zin
The Shining One
Beogh
Jiyva
Lugonu


Innate Abilities, Weirdness & Mutations

You reflexively headbutt those who attack you in melee.
You have a pair of horns on your head.


Message History

You feel sick. The porcupine closely misses you.
There is an open door to the Lair, spattered with blood here.
You are struck by the porcupine's spines.
* * * LOW HITPOINT WARNING * * *
You barely miss the porcupine. You closely miss the porcupine.
You feel sick. The porcupine bites you.
* * * LOW HITPOINT WARNING * * *
You miss the porcupine.
You feel sick.
The porcupine bites you but does no damage.
You are struck by the porcupine's spines.
* * * LOW HITPOINT WARNING * * *
You completely miss the porcupine. Your headbutt misses the porcupine.
The porcupine bites you but does no damage.
You sock the porcupine! Your headbutt misses the porcupine.
The porcupine is severely wounded.
You feel sick.
The porcupine twitches its whiskers.
The porcupine barely misses you.
You are struck by the porcupine's spines.
You die...

▓.▓_▓
▓.▓.▓_▓
▓.▓.▓_▓
▓.▓.▓_▓
▓.▓.▓_▓
▓l▓.▓_▓
▓Y▓.▓_▓
▓r▓.▓_▓
▓@▓.▓_▓
▓)▓.▓_▓
▓.▓.▓_▓
▓.▓.▓_▓
▓.▓.▓_▓
▓.▓.▓'▓
▓.▓.▓.▓
▓.▓.▓.▓
▓)▓.▓.▓


You could see a yak, a wyvern and a porcupine.

Vanquished Creatures
  A hydra (D)
  A centaur warrior (D)
  An ugly thing (D)
  A spiny frog (D)
  A komodo dragon (D)
  A troll (D)
  A wraith (D)
  A water moccasin (D)
  A sky beast (D)
  An ice beast (D)
  An ogre (D)
  2 crocodiles (D)
  2 bullfrogs (D)
  A scorpion (D)
  A crimson imp (D)
  A jelly (D)
  A worker ant (D)
  An adder (D)
  A shadow imp (D)
  A leopard gecko (D)
  A bat (D)
  3 goblins (D)
  A frilled lizard (D)
  A rat (D)
28 creatures vanquished.

Notes
Turn   | Place    | Note
-------+----------+-------------------------------------------
     0 | D        | sexinstructor the Minotaur Berserker began the quest for the Orb.
     0 | D        | Reached XP level 1. HP: 19/19 MP: 0/0
     4 | D        | Reached skill level 4 in Fighting
     5 | D        | Reached skill level 5 in Fighting
     6 | D        | Reached ** piety under Trog
    22 | D        | Noticed a scorpion
    22 | D        | Noticed a worker ant
    26 | D        | Killed a worker ant
    26 | D        | Reached skill level 8 in Fighting
    26 | D        | Reached XP level 2. HP: 19/35 MP: 1/1
    26 | D        | Reached XP level 3. HP: 21/40 MP: 2/2
    27 | D        | Reached *** piety under Trog
    36 | D        | Killed a scorpion
    36 | D        | Reached skill level 10 in Fighting
    36 | D        | Reached XP level 4. HP: 15/53 MP: 3/3
    37 | D        | Reached skill level 11 in Fighting
   335 | D        | Found a roughly hewn altar of Beogh.
   335 | D        | Found a snail-covered altar of Cheibriados.
   335 | D        | Found a shadowy altar of Dithmenos.
   335 | D        | Found a white marble altar of Elyvilon.
   335 | D        | Found a blossoming altar of Fedhas.
   335 | D        | Found an opulent altar of Gozag.
   336 | D        | Found a hazy altar of Hepliaklqana.
   337 | D        | Found a viscous altar of Jiyva.
   338 | D        | Found an ancient bone altar of Kikubaaqudgha.
   339 | D        | Found a corrupted altar of Lugonu.
   340 | D        | Found a burning altar of Makhleb.
   341 | D        | Found a sparkling altar of Nemelex Xobeh.
   342 | D        | Found an iron altar of Okawaru.
   343 | D        | Found a stormy altar of Qazlal.
   344 | D        | Found a sacrificial altar of Ru.
   345 | D        | Found a deep blue altar of Sif Muna.
   346 | D        | Found a bloodstained altar of Trog.
   347 | D        | Found a hide-covered altar of Uskayaw.
   348 | D        | Found a radiant altar of Vehumet.
   349 | D        | Found an ornate altar of the Wu Jian Council.
   350 | D        | Found a shimmering altar of Xom.
   351 | D        | Found a basalt altar of Yredelemnul.
   352 | D        | Found a glowing silver altar of Zin.
   353 | D        | Found a glowing golden altar of the Shining One.
   389 | D        | Noticed an ogre
   389 | D        | Noticed a bullfrog
   389 | D        | Noticed a bullfrog
   390 | D        | Reached **** piety under Trog
   392 | D        | Killed a bullfrog
   392 | D        | Reached skill level 13 in Fighting
   392 | D        | Reached XP level 5. HP: 57/64 MP: 4/4
   398 | D        | Reached skill level 14 in Fighting
   398 | D        | Reached XP level 6. HP: 60/74 MP: 5/5
   400 | D        | Reached skill level 5 in Axes
   401 | D        | Received a gift from Trog
   443 | D        | Noticed a wraith
   443 | D        | Noticed a troll
   443 | D        | Noticed a purple ugly thing
   443 | D        | Noticed an ice beast
   443 | D        | Noticed a sky beast
   443 | D        | Noticed a centaur warrior
   449 | D        | Killed a centaur warrior
   449 | D        | Reached skill level 17 in Fighting
   449 | D        | Reached skill level 10 in Axes
   449 | D        | Reached XP level 7. HP: 34/88 MP: 6/6
   449 | D        | Reached XP level 8. HP: 37/95 MP: 7/7
   456 | D        | Killed a purple ugly thing
   456 | D        | Reached ***** piety under Trog
   460 | D        | Reached skill level 18 in Fighting
   467 | D        | Killed a troll
   755 | D        | Noticed a spiny frog
   755 | D        | Noticed a seven-headed hydra
   755 | D        | Noticed a komodo dragon
   758 | D        | Reached XP level 9. HP: 105/105 MP: 8/8
   768 | D        | Killed a komodo dragon
   772 | D        | Killed a seven-headed hydra
   772 | D        | Received a gift from Trog
   772 | D        | Reached skill level 19 in Fighting
   772 | D        | Reached skill level 15 in Axes
   774 | D        | Killed a spiny frog
   774 | D        | Reached ****** piety under Trog
   780 | D        | HP: 8/162 [porcupine's spines (1)]
   782 | D        | Impaled on a porcupine's spines

Skill      XL: |  1  2  3  4  5  6  7  8  9 |
---------------+----------------------------+-----
Fighting       | 8 10 13 14 17 18 19 | 19.7
Axes           | 2 4 10 13 15 | 15.6
Maces & Flails | |  3.6
Armour         | |  2.4
Dodging        | |  2.1
Stealth        | |  0.5

Action                   |  1- 3 |  4- 6 |  7- 9 || total
-------------------------+-------+-------+-------++-------
Melee: Mace              |    19 |     1 |       ||    20
       Headbutt          |     4 |     9 |     4 ||    17
       Broad axe         |       |    16 |    23 ||    39
       Morningstar       |       |       |    17 ||    17
Invok: Berserk           |     1 |     1 |     2 ||     4
  Use: Potion            |       |       |     2 ||     2
  Eat: Chunk             |       |       |     2 ||     2
Armor: Animal skin       |     2 |     2 |       ||     4
       Plate armour      |       |     2 |    17 ||    19
Dodge: Dodged            |     9 |    11 |     8 ||    28
